 Dungeon Crawl Stone Soup version 0.29-a0-923-g6e406bff71 (webtiles) character file.

Game seed: 12308725430354116776

227802 mcwallace the Dancer (level 18, 0/104 HPs)
             Began as a Vine Stalker Fighter on July 27, 2022.
             Was a Priest of Uskayaw.
             Slain by an orc knight
             ... wielding a +2 bardiche
              (12 damage)
             ... on level 2 of the Elven Halls.
             The game lasted 01:49:44 (31712 turns).

mcwallace the Dancer (Vine Stalker Fighter)        Turns: 31712, Time: 01:49:44

Health: 0/104      AC: 28    Str: 28    XL:     18   Next: 93%
Magic:  0/34       EV: 19    Int:  8    God:    Uskayaw [***...]
Gold:   1435       SH: 14    Dex: 23    Spells: 39/39 levels left

rFire   . . .      SeeInvis .   v - +9 dagger (spect) {short}
rCold   . . .      Faith    .   c - +2 kite shield {reflect}
rNeg    . . .      Spirit   +   L - +0 plate armour {rPois}
rPois   +          Reflect  +   g - +0 helmet
rElec   +          Harm     .   m - +2 cloak {rCorr}
rCorr   +          Rampage  ∞   s - +2 pair of gloves {Dex+3}
Will    ++...                   x - +3 pair of seven-league boots {Rampage+∞}
Stlth   ..........              J - amulet of regeneration {@e2}
HPRegen 1.87/turn               r - +4 ring of slaying
MPRegen 0.24/turn               l - ring "Maazappu" {rElec EV+4 Str+7}

@: no status effects
A: fangs 3, regeneration 1, magic shield, antimagic bite, no potion heal 2,
iridescent scales 1, wild magic 1
}: 2/15 runes: barnacled, gossamer
a: Renounce Religion, Stomp, Line Pass


You were on level 2 of the Elven Halls.
You worshipped Uskayaw.
Uskayaw was pleased with you.
You visited 6 branches of the dungeon, and saw 32 of its levels.

You collected 4145 gold pieces.
You spent 2710 gold pieces at shops.


Innate Abilities, Weirdness & Mutations

You have razor-sharp teeth.
Your natural rate of healing is unusually fast.
When hurt, damage is shared between your health and your magic reserves.
Your bite disrupts and absorbs the magic of your enemies.
Potions cannot restore your health.
You are partially covered in iridescent scales. (AC +2)
Your spells are a little harder to cast, but a little more powerful.


   Skills:
 + Level 15.2 Fighting
 - Level 10.0 Short Blades
 + Level 9.3 Armour
 + Level 13.8 Dodging
 - Level 8.0 Shields
 - Level 11.3 Spellcasting
 + Level 15.9 Invocations


You had 39 spell levels left.
You didn't know any spells.
Your spell library contained the following spells:

 Spells                   Type           Power      Damage    Failure   Level
 Magic Dart               Conj           20%        1d4       98%         1
 Blink                    Tloc           10%        N/A       99%         2
 Ensorcelled Hibernation  Hex/Ice        10%        N/A       99%         2
 Passwall                 Tmut/Erth      4%         N/A       99%         2
 Scorch                   Fire           10%        2d5       99%         2
 Searing Ray              Conj           10%        2d4       99%         2
 Static Discharge         Conj/Air       5%         3-4/arc   99%         2
 Dazzling Flash           Conj/Hex       10%        N/A       100%        3
 Ignite Poison            Fire/Tmut/Pois 5%         N/A       100%        3
 Mephitic Cloud           Conj/Pois/Air  5%         N/A       100%        3
 Ozocubu's Armour         Ice            5%         N/A       100%        3
 Stone Arrow              Conj/Erth      10%        3d7       100%        3
 Summon Guardian Golem    Hex/Summ       5%         N/A       100%        3
 Swiftness                Air            5%         N/A       100%        3
 Animate Armour           Summ/Erth      10%        N/A       100%        4
 Flame Wave               Conj/Fire      5%         2d5       100%        4
 Fulminant Prism          Conj/Hex       2%         3d6       100%        4
 Hailstorm                Conj/Ice       5%         3d4       100%        4
 Ice Form                 Ice/Tmut       5%         N/A       100%        4
 Iskenderun's Mystic Bla  Conj/Tloc      5%         2d3       100%        4
 Blade Hands              Tmut           2%         N/A       100%        5
 Fireball                 Conj/Fire      2%         3d4       100%        5
 Freezing Cloud           Conj/Ice/Air   2%         6-21      100%        5
 Irradiate                Conj/Tmut      2%         3d12      100%        5
 Lee's Rapid Deconstruct  Erth           2%         3d6*      100%        5
 Lightning Bolt           Conj/Air       2%         1d14      100%        5
 Manifold Assault         Tloc           5%         N/A       100%        5
 Metabolic Englaciation   Hex/Ice        2%         N/A       100%        5
 Conjure Ball Lightning   Conj/Air       2%         3x3d6     100%        6
 Simulacrum               Ice/Necr       2%         N/A       100%        6
 Starburst                Conj/Fire      2%         6d3       100%        6
 Summon Cactus Giant      Summ           2%         N/A       100%        6
 Dragon Form              Tmut           2%         N/A       100%        7
 Malign Gateway           Summ/Tloc      2%         N/A       100%        7
 Orb of Destruction       Conj           2%         9d5       100%        7
 Spellforged Servitor     Conj/Summ      2%         N/A       100%        7
 Storm Form               Tmut/Air       2%         N/A       100%        7
 Discord                  Hex            2%         N/A       100%        8
 Disjunction              Tloc           2%         N/A       100%        8
 Ignition                 Fire           2%         3d3       100%        8
 Lehudib's Crystal Spear  Conj/Erth      2%         10d2      100%        8
 Summon Horrible Things   Summ           2%         N/A       100%        8
 Polar Vortex             Ice            2%         N/A       100%        9

Inventory:

Hand Weapons
 v - a +9 spectral dagger (weapon) {short}
   (You took it off an orc wizard on level 1 of the Orcish Mines)
 Z - a +2 glaive of protection {polearm}
   (You found it on level 5 of the Dungeon)
Missiles
 p - 16 javelins (quivered) {throwing}
 V - 3 curare-tipped darts {=fthrowing}
Armour
 c - a +2 kite shield of reflection (worn)
   (You took it off a tengu warrior on level 13 of the Dungeon)
 g - a +0 helmet (worn)
   (You found it on level 7 of the Dungeon)
 m - a +2 cloak of preservation (worn)
   (You took it off Maurice on level 11 of the Dungeon)
 n - a +2 helmet
   (You found it on level 1 of the Elven Halls)
 s - a +2 pair of gloves of dexterity (worn)
   (You found it on level 4 of the Spider Nest)
 x - the +3 pair of seven-league boots (worn) {Rampage+∞}
   (You bought it in a shop on level 2 of the Orcish Mines)

   Its wearer moves as far as possible in that direction when moving towards
   enemies.
 A - the +3 tower shield of the Soldier {Dex+3}
   (You took it off Louise on level 2 of the Shoals)

   Dex:       It affects your dexterity (+3).
 L - a +0 plate armour of poison resistance (worn)
   (You took it off an orc knight on level 2 of the Orcish Mines)
 O - a +0 troll leather armour
   (You found it on level 12 of the Dungeon)
Jewellery
 l - the ring "Maazappu" (right hand) {rElec EV+4 Str+7}
   (You acquired it on level 2 of the Orcish Mines)

   [ring of evasion]

   EV:        It affects your evasion (+4).
   Str:       It affects your strength (+7).
   rElec:     It insulates you from electricity.
 r - a +4 ring of slaying (left hand)
   (You found it on level 1 of the Dungeon)
 J - an amulet of regeneration (around neck) {@e2}
   (You found it on level 2 of the Lair of Beasts)
 M - a ring of wizardry
   (You found it on level 1 of the Dungeon)
 T - an amulet of the acrobat
   (You found it on level 1 of the Spider Nest)
 X - a ring of protection from fire
   (You found it on level 7 of the Dungeon)
 Y - a ring of magical power
   (You took it off a merfolk siren on level 1 of the Shoals)
Wands
 e - a wand of charming (5)
   (You found it on level 5 of the Dungeon)
 h - a wand of mindburst (13)
   (You found it on level 5 of the Lair of Beasts)
 t - a wand of flame (19)
   (You found it on level 1 of the Lair of Beasts)
 I - a wand of roots (20)
   (You took it off Maurice on level 11 of the Dungeon)
 N - a wand of quicksilver (8)
   (You found it on level 2 of the Lair of Beasts)
 P - a wand of polymorph (19)
   (You found it on level 11 of the Dungeon)
Scrolls
 i - 7 scrolls of immolation {!r!r}
 j - 2 scrolls of brand weapon
 q - 20 scrolls of teleportation {@r4}
 u - a scroll of summoning
 w - 3 scrolls of fog
 y - 2 scrolls of poison
 B - 2 scrolls of acquirement
 D - 10 scrolls of amnesia
 E - 3 scrolls of vulnerability {!r!r}
 H - 4 scrolls of enchant armour
 R - 3 scrolls of magic mapping {!r}
 S - a scroll of silence {!r}
Potions
 a - 3 potions of berserk rage {!q}
 d - 3 potions of might
 f - a potion of cancellation
 k - 5 potions of ambrosia
 o - 8 potions of haste {@q3}
 z - 4 potions of invisibility
 C - 9 potions of brilliance
 F - 3 potions of flight
 G - 7 potions of resistance
 K - 5 potions of lignification {!q}
 Q - 4 potions of mutation {!q}
 W - 7 potions of curing {@q1}
Miscellaneous
 b - a lightning rod (4/4)
   (You found it on level 1 of the Lair of Beasts)
 U - a tin of tremorstones (2/2) {throwing}
   (You found it on level 3 of the Spider Nest)

Dungeon Overview and Level Annotations

Branches:
Dungeon (15/15) Zot: 25207  Temple (0/1) D:5            Lair (5/5) D:11 Zot: 25392
 Shoals (4/4) Lair:2 Zot: 20263  Spider (4/4) Lair:2 Zot: 20478   Slime (0/5) Lair:4
    Orc (2/2) D:10 Zot: 10129     Elf (2/3) Orc:2 Zot: 10806  Vaults (0/5) D:14
 Depths (0/4) D:15

Altars:
Cheibriados
Dithmenos
Fedhas
Gozag
Hepliaklqana
Kikubaaqudgha
Makhleb
Qazlal
Sif Muna
Trog
Uskayaw
Wu Jian
Yredelemnul
Zin

Shops:
D:1 :   D:12 (   D:15 !   Orc:2 [[*[   Elf:1 ::[*   Shoals:1 !

Portals:
Bazaar: Elf:1

Annotations:
D:5 1 runed translucent door, logorrheac's ghost, amateur GnWn
D:11 2 transporters, enile's ghost, journeyman FoHu
Lair:1 exclusion: oklob plant
Lair:2 1 runed translucent door, Roefeuw's ghost, journeyman OgHu

##### #...# #...#
#...# #####...##
#...?<...#######
#.....<)(ooooo.#
#......)@#.ooo.#
#####)..##oooo.# ####
#....#oooo.#####)..##
#)..##oo4..#....# .
#..###########.## .
#.## ##.<>.# . #..##
##.#[#.#####. #...##
##.###)#)##...
###..#.###.##
#.))))...


You could see 2 orc knights, 2 orc warriors, an orc priest (strong) and a
friendly +9 spectral dagger {short} (summoned).


Message History

The orc warrior unwields a +0 hand axe.
The orc warrior wields a +0 arbalest.
The orc warrior shoots a bolt.
The bolt misses you.
Things that are here:
a +0 battleaxe {axe}; a +0 chain mail; an orc corpse 😱 HP[+2]
You regained 2 hp, and now have 6/104 hp.
You hit the orc knight but do no damage.
You bite the orc knight! You drain its power.
You feel invigorated.
Your +9 spectral dagger {short} hits the orc knight but does no damage.
The orc knight barely misses your +9 spectral dagger {short}.
You can now pass through a line of other dancers. 😱 HP[+1] MP[+7]
You regained 7 mp, and now have 7/34 mp.
You puncture the orc knight!
You bite the orc knight, but do no damage.
Your +9 spectral dagger {short} hits the orc knight. 😱 HP[+2] MP[+1]
You regained 2 hp, and now have 9/104 hp.
You closely miss the orc knight. You bite the orc knight. You drain its power.
You feel invigorated.
Your +9 spectral dagger {short} hits the orc knight but does no damage.
The orc knight hits you but does no damage. 😱 HP[+1] MP[+1]
You puncture the orc knight!
You bite the orc knight, but do no damage.
Your +9 spectral dagger {short} hits the orc knight but does no damage.
The orc knight hits your +9 spectral dagger {short} with a +3 long sword of protection!!
Your spectral weapon shares its damage with you!
* * * LOW HITPOINT WARNING * * *
The orc knight closely misses you. 😱 HP[-5] MP[-4]
You take 5 damage, and now have 5/104 hp.
You lost 4 mp, and now have 5/34 mp.
Unknown command.
You closely miss the orc knight.
Your +9 spectral dagger {short} hits the orc knight but does no damage. 😱 HP[+1] Unknown command.
You closely miss the orc knight.
You bite the orc knight, but do no damage.
Your +9 spectral dagger {short} hits the orc knight but does no damage.
The orc knight closely misses your +9 spectral dagger {short}.
The orc knight misses you. 😱 HP[+1]
You hit the orc knight. You bite the orc knight. You drain its power.
You feel invigorated.
Your +9 spectral dagger {short} hits the orc knight but does no damage.
The orc knight misses you.
The orc knight hits your +9 spectral dagger {short} with a +3 long sword of protection!!!
Your spectral weapon shares its damage with you!
Your +9 spectral dagger {short} fades away.
* * * LOW HITPOINT WARNING * * *
The orc knight shouts! 😱 HP[+1] MP[+5]
You regained 5 mp, and now have 10/34 mp.
You hit the orc knight but do no damage.
You bite the orc knight, but do no damage.
Your +9 spectral dagger {short} hits the orc knight but does no damage. 😱 HP[+1] MP[+1]
You hit the orc knight but do no damage.
You bite the orc knight, but do no damage.
Your +9 spectral dagger {short} hits the orc knight!
The orc priest no longer looks unusually strong.
The orc knight roars a battlecry!
The orc priest goes into a battle-frenzy!
The orc knight misses your +9 spectral dagger {short}. 😱 HP[+1]
You barely miss the orc knight.
You bite the orc knight, but do no damage.
Your +9 spectral dagger {short} closely misses the orc knight.
You block the orc knight's attack.
The orc knight roars a battlecry! 😱 HP[+1]
You hit the orc knight but do no damage.
You bite the orc knight! You drain its power.
You feel invigorated.
Your +9 spectral dagger {short} hits the orc knight but does no damage.
Uskayaw will force your foes to helplessly watch your dance. 😱 HP[+1] MP[+15]
You regained 15 mp, and now have 26/34 mp.
You hit the orc knight but do no damage.
You bite the orc knight.
You kill the orc knight!
The orc warrior no longer looks unusually strong.
The orc priest calls down the wrath of Beogh upon you.
Beogh smites you!
* * * LOW HITPOINT WARNING * * *
The orc knight roars a battlecry!
The orc warrior goes into a battle-frenzy! 😱 HP[-2] MP[-7]
You take 2 damage, and now have 10/104 hp.
You lost 7 mp, and now have 19/34 mp.
You hit the orc knight but do no damage.
You bite the orc knight! You drain its power.
You feel invigorated.
Your +9 spectral dagger {short} hits the orc knight. 😱 HP[+1] MP[+1]
You hit the orc knight. You bite the orc knight. You drain its power.
You feel invigorated.
Your +9 spectral dagger {short} hits the orc knight.
The orc knight hits you from afar with a +2 bardiche!!
You die...

Skill      XL: |  1  2  3  4  5  6  7  8  9 10 11 12 13 14 15 16 17 18 |
---------------+-------------------------------------------------------+-----
Short Blades   | 2 3 4 5 6 7 8 9 10 | 10.0
Shields        | 3 4 5 7 8 |  8.0
Spellcasting   | 1 2 3 4 5 6 8 9 10 11 | 11.3
Fighting       | 3 4 5 6 7 9 10 11 12 13 14 15 | 15.2
Dodging        | 1 2 3 4 5 6 7 8 9 11 12 13 | 13.8
Armour         | 3 4 5 6 7 9 |  9.3
Invocations    | 1 2 4 5 7 8 10 11 12 13 14 15 | 15.9

Action                   |  1- 3 |  4- 6 |  7- 9 | 10-12 | 13-15 | 16-18 || total
-------------------------+-------+-------+-------+-------+-------+-------++-------
Melee: Rapier            |    85 |   100 |   153 |       |       |       ||   338
       Bite              |    21 |    29 |    85 |   223 |   681 |   626 ||  1665
       Short sword       |       |       |   114 |       |       |       ||   114
       Dagger            |       |       |       |   561 |  1402 |  1463 ||  3426
Throw: Dart              |       |       |     7 |     4 |       |     3 ||    14
       Javelin           |       |       |       |     2 |     6 |       ||     8
Invok: Line Pass         |       |       |       |     2 |     1 |     1 ||     4
       Grand Finale      |       |       |       |     1 |     3 |     4 ||     8
       Stomp             |       |       |       |       |     1 |     6 ||     7
Evoke: Wand              |       |       |     3 |     9 |     2 |       ||    14
  Use: Scroll            |       |     5 |     5 |     9 |    20 |    11 ||    50
       Potion            |       |     1 |       |     1 |     2 |     4 ||     8
 Stab: Paralysed         |       |     1 |    14 |    43 |    91 |   126 ||   275
       Sleeping          |       |       |       |     4 |     2 |       ||     6
       Confused          |       |       |       |     1 |       |       ||     1
       Distracted        |       |       |       |     1 |     1 |    16 ||    18
       Invisible         |       |       |       |       |     3 |       ||     3
       Petrifying        |       |       |       |       |     1 |       ||     1
Armor: Scale mail        |    46 |    38 |    83 |       |       |       ||   167
       Steam dragon scal |       |       |     1 |    29 |       |       ||    30
       Troll leather arm |       |       |       |    62 |   220 |    51 ||   333
       Plate armour      |       |       |       |       |       |   357 ||   357
Dodge: Dodged            |    54 |    36 |   113 |   256 |   587 |   703 ||  1749
Block: Buckler           |    32 |    29 |    61 |   134 |   146 |       ||   402
       Kite shield       |       |       |       |       |   409 |   721 ||  1130
       Reflection        |       |       |       |       |    24 |    18 ||    42

Levels and vault maps discovered:
D:1:      dpeg_arrival_central, layout_basic,
          hellmonk_ecumenical_altar_heavens_door, serial_shops,
          nicolae_square_shop
D:2:      layout_loops_ring, basic_altar, minmay_unequal
D:3:      layout_loops_corners, zin_statuary, minmay_misc_feat_chi,
          uniq_crazy_yiuf_cottage, uniq_grinder
D:4:      layout_gridville, eat_drink_and_be_merry_uskayaw, uniq_duvessa
D:5:      layout_cave_pods, minmay_temple_entry_purple_smoke,
          gammafunk_ghost_grave, minmay_a_box_with_orc_wizards_in_it
D:6:      layout_loops_corners, mainiacjoe_overflow_large_starburst,
          kennysheep_diamond, nicolae_concentric_dashed_squares_wild,
          uniq_menkaure
D:7:      layout_loops_ring, nzn_wu_jian_contemplation,
          mainiacjoe_overflow_surrounded_room, minmay_bent
D:8:      layout_basic, mainiacjoe_overflow_boulevard,
          chequers_temple_overflow_statue_of_worship, marbit_many_paths,
          uniq_maggie
D:9:      layout_layer_cave
D:10:     layout_basic, nzn_overflow_gifts_of_might_and_magic, erik_orc_4
D:11:     layout_long_grid, dpeg_oklobed_lair, gammafunk_ghost_stat_death,
          uniq_maurice
D:12:     evilmike_iron_armoury, layout_layer_cave,
          portal_ice_cave_entry_animals_and_master, serial_shops, shop,
          serial_glass, glass_columns_b, glass_columns_a
D:13:     layout_gridville
D:14:     layout_stronghold, david_vaults_3, drop_trap
D:15:     grunt_enter_depths_magical_seal, layout_stronghold,
          minmay_misc_feat_iff, serial_shops, shop, uniq_rupert
Lair:1:   layout_big_grid, grunt_forest_small_clearing_treed
Lair:2:   layout_misc_corridors, elwin_shoals_entry_rocks,
          hellmonk_spider_entry_life_and_decay, hellmonk_ghost_happy_afterlife,
          serial_bayou_lagoon_a, serial_bayou_shore_b
Lair:3:   layout_gridlike, uniq_fannar
Lair:4:   layout_layer_cave, slime_entry_1, basic_altar, minmay_holes,
          serial_bayou_crossing, grunt_megastairs_2
Lair:5:   hangedman_lair_tendril_chambers, layout_regular_city,
          nicolae_lair_yak_garden, lemuel_fruit_fields, lemuel_fruit_tree
Shoals:1: layout_shoals, serial_shops, nicolae_shop_trees,
          nicolae_shoals_water_booths
Shoals:2: layout_shoals, nicolae_shoals_spring_well_temple, uniq_louise,
          uniq_ilsuiw
Shoals:3: layout_shoals, nicolae_shoals_so_close
Shoals:4: shoals_end_grunt_ice, layout_shoals
Spider:1: layout_spider_delve
Spider:2: layout_spider_delve, uniq_aizul
Spider:3: layout_spider_delve
Spider:4: spider_rune_water, uniq_kirke, uniq_agnes
Orc:1:    layout_caves, uniq_sonja
Orc:2:    grunt_orc_tribal_feast, layout_diamond_mine, basic_altar
Elf:1:    elf_arrival_001, layout_gridlike, serial_shops, bzr_entry_water, shop,
          nicolae_shop_waterfront, shop, shop, hangedman_elf_disciples
Elf:2:    elven_hall_of_blades_hangedman_original [grunt_blade_entry_basic],
          layout_loops_ring, special_room [special_room_orc], basic_altar,
          uniq_roxanne

Notes
Turn   | Place    | Note
-------+----------+-------------------------------------------
     0 | D:1      | mcwallace the Vine Stalker Fighter began the quest for the
                  | Orb.
     0 | D:1      | Reached XP level 1. HP: 11/11 MP: 2/2
     0 | D:1      | magus.rc [v1.9.6]
   208 | D:1      | Reached XP level 2. HP: 14/16 MP: 3/3
   246 | D:1      | Found Ihahailynn's Book Shoppe.
   276 | D:1      | Found a faded altar of an unknown god.
   327 | D:1      | Reached skill level 2 in Short Blades
  1233 | D:2      | Reached XP level 3. HP: 19/19 MP: 3/5
  1279 | D:2      | Reached skill level 3 in Shields
  1334 | D:2      | Reached skill level 1 in Spellcasting
  1616 | D:2      | Gained mutation: Your natural rate of healing is unusually
                  | fast. [Vine Stalker growth]
  1616 | D:2      | Reached XP level 4. HP: 20/23 MP: 4/6
  1617 | D:2      | You pick up a book of Burglary and begin reading...
  1617 | D:2      | You add the spells Passwall, Ensorcelled Hibernation and
                  | Swiftness to your library.
  1704 | D:2      | Found a bloodstained altar of Trog.
  1810 | D:2      | Reached skill level 3 in Fighting
  1820 | D:2      | Reached skill level 1 in Dodging
  1825 | D:2      | Identified a scroll of acquirement
  1825 | D:2      | Acquired 893 gold pieces
  2276 | D:3      | Reached skill level 3 in Armour
  2276 | D:3      | Reached XP level 5. HP: 28/28 MP: 6/8
  2337 | D:3      | Noticed Grinder
  2348 | D:3      | Killed Grinder
  2349 | D:3      | Reached skill level 2 in Spellcasting
  2349 | D:3      | Reached XP level 6. HP: 28/32 MP: 8/10
  2594 | D:3      | Found a glowing silver altar of Zin.
  3010 | D:4      | Found a hide-covered altar of Uskayaw.
  3018 | D:4      | Became a worshipper of Uskayaw the Reveller
  3195 | D:4      | Reached * piety under Uskayaw
  3196 | D:4      | Reached ** piety under Uskayaw
  3313 | D:4      | Noticed Duvessa
  3321 | D:4      | Reached skill level 3 in Short Blades
  3321 | D:4      | Reached skill level 2 in Dodging
  3322 | D:4      | Noticed Dowan
  3322 | D:4      | Reached *** piety under Uskayaw
  3325 | D:4      | Reached **** piety under Uskayaw
  3334 | D:4      | Reached ***** piety under Uskayaw
  3337 | D:4      | Killed Duvessa
  3338 | D:4      | Reached XP level 7. HP: 30/37 MP: 6/11
  3343 | D:4      | Killed Dowan
  3343 | D:4      | Reached ****** piety under Uskayaw
  3958 | D:5      | Entered Level 5 of the Dungeon
  4006 | D:5      | Reached skill level 4 in Shields
  4020 | D:5      | You pick up a book of Scorching and begin reading...
  4020 | D:5      | You add the spells Scorch, Flame Wave and Summon Cactus
                  | Giant to your library.
  4044 | D:5      | Reached skill level 4 in Fighting
  4044 | D:5      | Reached skill level 3 in Spellcasting
  4044 | D:5      | Reached skill level 1 in Invocations
  4110 | D:5      | Gained mutation: You have razor-sharp teeth. [Vine Stalker
                  | growth]
  4110 | D:5      | Reached XP level 8. HP: 41/42 MP: 13/13
  4136 | D:5      | Reached skill level 4 in Armour
  4145 | D:5      | You add the spells Blink, Manifold Assault and Storm Form
                  | to your library.
  4390 | D:5      | HP: 10/42 [ogre/+0 giant spiked club (6)]
  4391 | D:5      | HP: 1/42 [ogre/+0 giant spiked club (9)]
  4393 | D:5      | Reached skill level 3 in Dodging
  4555 | D:5      | Reached skill level 2 in Invocations
  4672 | D:5      | Found a runed translucent door.
  4673 | D:5      | Noticed logorrheac's ghost (amateur GnWn)
  4732 | D:5      | You add the spells Malign Gateway and Summon Horrible
                  | Things to your library.
  4838 | D:5      | Found a staircase to the Ecumenical Temple.
  5145 | D:6      | Found a blossoming altar of Fedhas.
  5145 | D:6      | Found a burning altar of Makhleb.
  5168 | D:6      | Reached skill level 4 in Short Blades
  5425 | D:6      | Noticed a troll
  5433 | D:6      | HP: 4/42 [troll (7)]
  5501 | D:6      | Killed a troll
  5502 | D:6      | Reached skill level 4 in Spellcasting
  5502 | D:6      | Reached XP level 9. HP: 26/46 MP: 5/16
  5670 | D:6      | Noticed Menkaure
  5679 | D:6      | Killed Menkaure
  5705 | D:6      | Reached skill level 5 in Shields
  5831 | D:6      | Reached skill level 3 in Invocations
  6019 | D:6      | Reached skill level 5 in Fighting
  6178 | D:7      | You pick up a book of Dangerous Friends and begin
                  | reading...
  6178 | D:7      | You add the spells Summon Guardian Golem, Orb of
                  | Destruction and Spellforged Servitor to your library.
  6494 | D:7      | Found a shadowy altar of Dithmenos.
  6504 | D:7      | Reached skill level 4 in Dodging
  6576 | D:7      | Reached skill level 5 in Armour
  6578 | D:7      | Reached skill level 5 in Short Blades
  6633 | D:7      | HP: 9/47 [gnoll sergeant/+0 trident (7)]
  6638 | D:7      | HP: 8/47 [gnoll sergeant/+0 trident (5)]
  6642 | D:7      | Reached skill level 5 in Spellcasting
  6692 | D:7      | Reached skill level 4 in Invocations
  6759 | D:7      | Reached XP level 10. HP: 52/53 MP: 18/18
  7115 | D:7      | Found an ornate altar of the Wu Jian Council.
  7262 | D:8      | Noticed Maggie
  7269 | D:8      | Killed Maggie
  7312 | D:8      | Found an ancient bone altar of Kikubaaqudgha.
  7312 | D:8      | Found a hazy altar of Hepliaklqana.
  7312 | D:8      | Found an opulent altar of Gozag.
  7367 | D:8      | Reached skill level 6 in Fighting
  7525 | D:8      | Reached skill level 5 in Dodging
  7525 | D:8      | Reached skill level 5 in Invocations
  7534 | D:8      | Reached skill level 6 in Spellcasting
  7558 | D:8      | Found a snail-covered altar of Cheibriados.
  7730 | D:8      | Reached skill level 6 in Short Blades
  7737 | D:8      | Found a stormy altar of Qazlal.
  8077 | D:9      | Noticed a gargoyle
  8536 | D:9      | Reached XP level 11. HP: 56/58 MP: 21/21
  8542 | D:9      | Reached skill level 6 in Invocations
  8652 | D:9      | Noticed a two-headed ogre
  8661 | D:9      | Killed a two-headed ogre
  8662 | D:9      | Reached skill level 7 in Fighting
  8862 | D:9      | Reached skill level 7 in Spellcasting
  9029 | D:10     | Entered Level 10 of the Dungeon
  9086 | D:10     | You fall into a shaft and drop 3 floors!
  9128 | D:13     | Noticed a salamander
  9148 | D:13     | Killed a salamander
  9156 | D:13     | Noticed a cyan ugly thing
  9171 | D:13     | Killed a cyan ugly thing
  9172 | D:13     | Reached skill level 6 in Dodging
  9199 | D:13     | Noticed a brown ugly thing
  9338 | D:13     | Noticed a boulder beetle
  9340 | D:13     | Killed a brown ugly thing
  9341 | D:13     | Reached skill level 7 in Short Blades
  9350 | D:13     | Noticed a cyan ugly thing
  9359 | D:13     | Noticed a tengu warrior
  9365 | D:13     | HP: 13/58 [cyan ugly thing (4)]
  9365 | D:13     | HP: 6/58 [cyan ugly thing (7)]
  9417 | D:13     | HP: 8/58 [boulder beetle (11)]
  9420 | D:13     | Killed a boulder beetle
  9549 | D:13     | Noticed a tengu warrior
  9558 | D:13     | Killed a tengu warrior
  9560 | D:13     | HP: 12/58 [cyan ugly thing (11)]
  9682 | D:13     | Killed a tengu warrior
  9778 | D:12     | Found Yxosef's Weapon Emporium.
  9789 | D:12     | Reached skill level 7 in Invocations
  9957 | D:12     | Noticed a white ugly thing
  9973 | D:12     | Killed a white ugly thing
 10166 | D:12     | Reached skill level 8 in Spellcasting
 10166 | D:12     | Reached XP level 12. HP: 61/64 MP: 22/25
 10231 | D:12     | Reached skill level 8 in Fighting
 10502 | D:12     | Reached skill level 7 in Dodging
 10580 | D:12     | Reached skill level 8 in Short Blades
 10600 | D:11     | Noticed Maurice
 10626 | D:11     | Killed Maurice
 10748 | D:11     | Found a staircase to the Lair.
 10838 | D:11     | Reached skill level 8 in Invocations
 11100 | D:11     | Noticed enile's ghost (journeyman FoHu)
 11109 | D:11     | Found a transporter.
 11128 | D:11     | Found a transporter.
 11470 | D:11     | Reached skill level 9 in Spellcasting
 11586 | D:10     | Found a staircase to the Orcish Mines.
 11657 | D:10     | Found a shimmering blue altar of Sif Muna.
 11669 | D:10     | Got Sif Muna's Treatise on Transmutation
 11674 | D:10     | Found a bloodstained altar of Trog.
 11791 | D:10     | You pick up a book of Blasting and begin reading...
 11791 | D:10     | You add the spells Fulminant Prism, Iskenderun's Mystic
                  | Blast and Lee's Rapid Deconstruction to your library.
 12253 | D:11     | Reached skill level 9 in Fighting
 12261 | Lair:1   | Entered Level 1 of the Lair of Beasts
 12324 | Lair:1   | Reached XP level 13. HP: 54/70 MP: 20/27
 12922 | Lair:2   | Reached skill level 9 in Short Blades
 12922 | Lair:2   | Reached skill level 8 in Dodging
 12985 | Lair:2   | Reached skill level 9 in Invocations
 13116 | Lair:2   | Noticed Roefeuw's ghost (journeyman OgHu)
 13123 | Lair:2   | Found a runed translucent door.
 13310 | Lair:2   | Found a staircase to the Shoals.
 13360 | Lair:2   | Found a hole to the Spider Nest.
 13540 | Lair:2   | You pick up a book of Armaments and begin reading...
 13540 | Lair:2   | You add the spells Stone Arrow, Animate Armour and
                  | Lehudib's Crystal Spear to your library.
 13859 | Lair:3   | Noticed Fannar
 13918 | Lair:3   | Killed Fannar
 13990 | Lair:3   | You pick up a book of Winter and begin reading...
 13990 | Lair:3   | You add the spells Ozocubu's Armour, Metabolic Englaciation
                  | and Simulacrum to your library.
 14303 | Lair:3   | Reached skill level 10 in Spellcasting
 14936 | Lair:4   | Found a staircase to the Slime Pits.
 14959 | Lair:4   | Found a basalt altar of Yredelemnul.
 15078 | Lair:4   | Reached skill level 10 in Fighting
 15539 | Lair:5   | Entered Level 5 of the Lair of Beasts
 15572 | Lair:5   | Reached skill level 10 in Invocations
 15572 | Lair:5   | Reached XP level 14. HP: 70/77 MP: 29/29
 15594 | Lair:5   | Reached skill level 10 in Short Blades
 15605 | Lair:5   | Reached skill level 9 in Dodging
 15866 | Lair:5   | Paralysed by a hornet for 3 turns
 15971 | Lair:5   | Paralysed by a hornet for 1 turns
 16071 | Lair:5   | Reached skill level 11 in Spellcasting
 16549 | Lair:5   | HP: 18/77 [poisoned by a black mamba]
 16551 | Lair:5   | HP: 7/77 [poisoned by a black mamba]
 17161 | D:13     | You pick up a book of Ice and begin reading...
 17161 | D:13     | You add the spells Freezing Cloud and Polar Vortex to your
                  | library.
 17529 | D:13     | You add the spells Ignite Poison and Mephitic Cloud to your
                  | library.
 17611 | D:14     | Noticed Urug
 17611 | D:14     | Noticed Rupert
 17611 | D:14     | Found a gate to the Vaults.
 17785 | D:14     | Reached skill level 11 in Invocations
 17880 | D:14     | Reached skill level 11 in Fighting
 17915 | D:14     | Killed Rupert
 18025 | D:14     | Killed Urug
 18100 | D:14     | You add the spells Static Discharge and Lightning Bolt to
                  | your library.
 18100 | D:14     | Got Sif Muna's Tome of the Wind
 18110 | D:14     | You pick up a book of the Tundra and begin reading...
 18245 | D:14     | HP: 18/79 [freezing wraith[a death knight] (5)]
 18255 | D:14     | HP: 12/79 [phantasmal warrior[a death knight] (24)]
 18262 | D:14     | HP: 6/79 [phantasmal warrior[a death knight] (20)]
 18265 | D:14     | Reached XP level 15. HP: 10/83 MP: 2/31
 18446 | D:14     | Reached skill level 10 in Dodging
 18516 | D:14     | Reached skill level 6 in Shields
 19022 | D:15     | Entered Level 15 of the Dungeon
 19393 | D:15     | Found Ceec's Distillery.
 19401 | D:15     | Bought a potion of magic for 128 gold pieces
 20072 | D:15     | Reached skill level 7 in Shields
 20072 | D:15     | Reached skill level 12 in Invocations
 20201 | D:15     | Found a staircase to the Depths.
 20425 | Orc:1    | Entered Level 1 of the Orcish Mines
 20595 | Orc:1    | Noticed Sonja
 20630 | Orc:1    | Killed Sonja
 20722 | Orc:1    | Reached skill level 12 in Fighting
 20954 | Orc:2    | Entered Level 2 of the Orcish Mines
 21422 | Orc:2    | Found a staircase to the Elven Halls.
 21549 | Orc:2    | Paralysed by an orc sorcerer for 4 turns
 21551 | Orc:2    | HP: 20/84 [orc sorcerer/+0 dagger (3)]
 22060 | Orc:2    | Reached skill level 11 in Dodging
 22067 | Orc:2    | Found Fuoheagi's Antique Armour Boutique.
 22067 | Orc:2    | Found Rifukkac's Antique Armour Emporium.
 22069 | Orc:2    | Found Perimaw's Assorted Antiques.
 22069 | Orc:2    | Found Ajeiqyewn's Antique Armour Emporium.
 22083 | Orc:2    | Bought a scroll of acquirement for 1352 gold pieces
 22083 | Orc:2    | Acquired the ring "Maazappu" {rElec EV+4 Str+7}
 22091 | Orc:2    | Bought the +3 pair of seven-league boots {Rampage+∞} for
                  | 1080 gold pieces
 22091 | Orc:2    | Found the +3 pair of seven-league boots {Rampage+∞}
 22567 | Spider:1 | Entered Level 1 of the Spider Nest
 22582 | Spider:1 | Reached XP level 16. HP: 43/88 MP: 23/32
 22607 | Spider:1 | You pick up a book of Armaments and begin reading...
 22680 | Spider:1 | Reached skill level 8 in Shields
 22764 | Spider:1 | Gained mutation: You have hidden genetic defects.
                  | [mutagenic glow]
 22795 | Spider:1 | Lost mutation: You have hidden genetic defects. [potion of
                  | mutation]
 22795 | Spider:1 | Gained mutation: You are partially covered in iridescent
                  | scales. (AC +2) [potion of mutation]
 22795 | Spider:1 | Gained mutation: Your spells are a little harder to cast,
                  | but a little more powerful. [potion of mutation]
 23047 | Spider:1 | Reached skill level 13 in Invocations
 23145 | Spider:1 | You pick up a book of Conjurations {@e2} and begin
                  | reading...
 23145 | Spider:1 | You add the spells Magic Dart and Searing Ray to your
                  | library.
 23622 | Spider:2 | HP: 17/90 [poisoned by a redback]
 23668 | Spider:2 | Noticed Aizul
 23809 | Spider:2 | Identified the +9 hand axe of Discord {spect, rF+ Will+}
 23993 | Spider:2 | HP: 14/90 [Aizul/bolt of poison (21)]
 24386 | Spider:2 | Killed Aizul
 24405 | Spider:2 | Reached skill level 13 in Fighting
 25308 | Spider:4 | Entered Level 4 of the Spider Nest
 25442 | Spider:4 | Noticed Kirke
 25453 | Spider:4 | Killed Kirke
 25454 | Spider:4 | Reached skill level 12 in Dodging
 25507 | Spider:4 | Noticed Agnes
 25521 | Spider:4 | Killed Agnes
 25524 | Spider:4 | Reached skill level 6 in Armour
 25617 | Spider:4 | Reached XP level 17. HP: 91/95 MP: 14/33
 25672 | Spider:4 | Reached skill level 14 in Invocations
 25803 | Spider:4 | Paralysed by a hornet for 2 turns
 25952 | Spider:4 | Got a gossamer rune of Zot
 26458 | Spider:4 | Upgraded the game from 0.29-a0-919-gd064cfad1c to
                  | 0.29-a0-923-g6e406bff71
 26458 | Spider:4 | magus.rc [v1.9.6]
 26623 | Shoals:1 | Entered Level 1 of the Shoals
 26656 | Shoals:1 | Reached skill level 7 in Armour
 26729 | Shoals:1 | HP: 23/96 [snapping turtle (11)]
 26732 | Shoals:1 | HP: 5/96 [drowned by a water nymph (9)]
 26791 | Shoals:1 | Found Gaczud's Distillery.
 26824 | Shoals:1 | Reached skill level 14 in Fighting
 27447 | Shoals:2 | Noticed Ilsuiw
 27458 | Shoals:2 | HP: 22/97 [merfolk impaler/+7 vorpal trident[Ilsuiw] (3)]
 27697 | Shoals:2 | Identified the +3 tower shield of the Soldier {Dex+3}
 27697 | Shoals:2 | Noticed Louise
 27961 | Shoals:1 | Killed Ilsuiw
 28099 | Shoals:2 | Killed Louise
 28235 | Shoals:2 | You pick up a book of Transfigurations {@e2} and begin
                  | reading...
 28235 | Shoals:2 | You add the spells Irradiate, Blade Hands and Dragon Form
                  | to your library.
 28484 | Shoals:2 | Identified the +1 ring mail of the Evening {Str+2 Int+2
                  | Stlth+}
 28734 | Shoals:2 | Reached skill level 13 in Dodging
 28821 | Shoals:3 | Reached XP level 18. HP: 85/102 MP: 34/34
 28860 | Shoals:3 | You pick up a book of Spectacle and begin reading...
 28860 | Shoals:3 | You add the spells Dazzling Flash and Starburst to your
                  | library.
 28920 | Shoals:3 | Reached skill level 15 in Invocations
 28923 | Shoals:3 | Reached skill level 8 in Armour
 28976 | Shoals:3 | You pick up a book of Chaos and begin reading...
 28976 | Shoals:3 | You add the spells Conjure Ball Lightning, Disjunction and
                  | Discord to your library.
 29428 | Shoals:3 | HP: 23/102 [tentacle[a kraken] (12)]
 29547 | Shoals:4 | Entered Level 4 of the Shoals
 29563 | Shoals:4 | Identified the amulet "Ufoopeut" {Faith rElec}
 29780 | Shoals:4 | You pick up a book of Winter and begin reading...
 29921 | Shoals:4 | Got a barnacled rune of Zot
 30261 | Shoals:4 | magus.rc [v1.9.6]
 30472 | Elf:1    | Entered Level 1 of the Elven Halls
 30493 | Elf:1    | Reached skill level 15 in Fighting
 30519 | Elf:1    | Found Bumilium's Armour Shoppe.
 30733 | Elf:1    | Found Kazxats's Book Shoppe.
 30795 | Elf:1    | Reached skill level 9 in Armour
 30821 | Elf:1    | Found Giale's Book Emporium.
 30831 | Elf:1    | Found a flickering gateway to a bazaar.
 30877 | Elf:1    | Found Seroxt's General Store.
 30893 | Elf:1    | Bought a scroll of enchant weapon for 150 gold pieces
 30899 | Elf:1    | You pick up a book of Fire and begin reading...
 30899 | Elf:1    | You add the spells Fireball and Ignition to your library.
 31531 | Elf:2    | Paralysed by an air elemental for 1 turns
 31696 | Elf:2    | HP: 12/104 [orc knight/+2 bardiche (21)]
 31697 | Elf:2    | HP: 4/104 [orc knight/+2 bardiche (10)]
 31702 | Elf:2    | HP: 5/104 [orc knight/+3 long sword of protection (6)]
 31710 | Elf:2    | HP: 10/104 [orc priest/divine providence (4)]
 31712 | Elf:2    | Slain by an orc knight

Vanquished Creatures
  Rupert (D:14)
  Agnes (Spider:4)
  Kirke (Spider:4)
  A kraken (Shoals:3)
  Ilsuiw (Shoals:1)
  6 emperor scorpions
  A frost giant (Shoals:4)
  3 ghost moths (Spider:4)
  A deep elf sorcerer (Elf:1)
  Aizul (Spider:2)
  Louise (Shoals:2)
  An orc warlord (Elf:2)
  2 broodmothers
  2 elemental wellsprings (Shoals:2)
  A spark wasp (Spider:4)
  9 merfolk impalers
  Fannar (Lair:3)
  7 merfolk javelineers
  An ogre mage (D:15)
  6 boulder beetles
  A jorogumo (Spider:2)
  3 hydras
  6 two-headed ogres
  2 centaur warriors (D:14)
  5 radroaches
  2 death knights (D:15)
  5 merfolk avatars
  2 catoblepae
  An alligator snapping turtle (Shoals:4)
  3 satyrs
  A death yak (Lair:5)
  5 merfolk aquamancers
  2 tengu warriors (D:13)
  2 dancing weapons (Elf:2)
  3 orc high priests (Orc:2)
  Urug (D:14)
  Sonja (Orc:1)
  9 deep elf knights
  A sun moth (Spider:4)
  3 skeletal warriors
  7 sea snakes
  3 steelbarb worms
  A pharaoh ant (Spider:2)
  8 orb spiders
  11 harpies
  3 wizards
  7 orc knights
  A necromancer (D:15)
  A phantasmal warrior (D:14)
  2 deep elf archers
  17 wolf spiders
  2 oklob plants (D:11)
  11 deep elf pyromancers
  26 manticores
  A salamander (shapeshifter) (D:13)
  11 ugly things
  4 cyclopes
  5 orc sorcerers
  10 fauns
  10 merfolk sirens
  8 deep elf zephyrmancers
  A centaur zombie (D:15)
  2 moths of wrath (Spider:4)
  Maurice (D:11)
  16 elephants
  A guardian serpent (Lair:5)
  3 torpor snails
  10 water nymphs
  2 centaur skeletons (D:15)
  8 black mambas
  3 rime drakes
  A gargoyle (D:11)
  Maggie (D:8)
  An unseen horror (D:12)
  8 cane toads
  6 demonic crawlers
  9 komodo dragons
  4 freezing wraiths
  12 meliai
  21 merfolk
  10 hornets
  3 wind drakes
  3 polar bears (D:12)
  15 tarantellas
  3 dream sheep (Shoals:1)
  Grinder (D:3)
  8 trolls
  9 slime creatures (D:15)
  15 blink frogs
  8 snapping turtles
  2 air elementals
  11 jumping spiders
  A vampire (D:12)
  22 culicivoras
  16 wyverns
  A fire elemental (Elf:2)
  10 water elementals
  A ynoxinul (D:10)
  5 wraiths
  52 yaks
  3 basilisks
  7 hogs (Spider:4)
  3 fire bats (Lair:3)
  60 redbacks
  3 steam dragons
  16 humans
  14 vampire mosquitoes
  Menkaure (D:6)
  9 wargs
  5 acid dragons
  16 water moccasins
  Duvessa (D:4)
  5 black bears
  26 orc warriors
  A sky beast (D:6)
  An ice beast (D:6)
  8 ogres
  2 boggarts (Elf:1)
  2 centaurs
  16 wolves
  4 phantoms
  2 kobold brigands
  A gnoll sergeant (D:7)
  10 bullfrogs
  2 necrophages (D:7)
  A scorpion (D:5)
  An earth elemental (Elf:1)
  8 wights
  Dowan (D:4)
  6 killer bees (D:11)
  5 electric eels
  4 howler monkeys
  2 jellies
  20 orc priests
  7 hounds
  3 iguanas
  28 orc wizards
  A boggart skeleton (D:15)
  6 gnolls (D:7)
  11 adders
  A shadow imp (D:7)
  A white imp (D:8)
  An ufetubus (D:6)
  A worm (D:2)
  3 dart slugs
  69 orcs
  A ball python (D:1)
  8 bats
  3 endoplasms
  4 giant cockroaches
  7 goblins
  9 hobgoblins
  2 jackals (D:5)
  17 kobolds
  8 quokkas
  A frilled lizard (D:3)
  A rat (D:1)
  2 tentacles (Shoals:3)
1022 creatures vanquished.

Vanquished Creatures (others)
  A deep elf pyromancer (Elf:2)
  A water elemental (Shoals:2)
  An orc wizard (Orc:2)
  An orc (Orc:2)
  19 fungi
  99 plants
  10 tentacles (Shoals:3)
132 creatures vanquished.

Grand Total: 1154 creatures vanquished

Table legend:
 A = Non-vault XP
 B = Vault XP
 C = Vault XP percentage of total XP
 D = Non-vault monster count
 E = Vault monster count
 F = Vault count percentage of total count
                 A         B        C        D         E       F
            +---------+---------+-------+---------+---------+-------
      Total |  205291 |  106716 |  34.2 |     742 |     278 |  27.3
            +---------+---------+-------+---------+---------+-------
        D:1 |      32 |       0 |   0.0 |      18 |       0 |   0.0
        D:2 |      82 |      21 |  20.4 |      21 |       4 |  16.0
        D:3 |      94 |     267 |  74.0 |      16 |       1 |   5.9
        D:4 |     137 |     202 |  59.6 |       9 |       2 |  18.2
        D:5 |     894 |      68 |   7.1 |      22 |       2 |   8.3
        D:6 |    1037 |     208 |  16.7 |      11 |       4 |  26.7
        D:7 |    1070 |     819 |  43.4 |      28 |       9 |  24.3
        D:8 |    2001 |     524 |  20.8 |      17 |       2 |  10.5
        D:9 |    3704 |       0 |   0.0 |      20 |       0 |   0.0
       D:10 |    1202 |     980 |  44.9 |      12 |      18 |  60.0
       D:11 |    5417 |    1639 |  23.2 |      33 |       3 |   8.3
       D:12 |    4717 |    1992 |  29.7 |      28 |       8 |  22.2
       D:13 |    7410 |    1741 |  19.0 |      16 |       9 |  36.0
       D:14 |    6590 |    5631 |  46.1 |      12 |      11 |  47.8
       D:15 |   17511 |    4328 |  19.8 |      34 |       9 |  20.9
     Lair:1 |    3066 |       0 |   0.0 |      10 |       0 |   0.0
     Lair:2 |    2866 |     678 |  19.1 |      15 |       3 |  16.7
     Lair:3 |    6900 |     915 |  11.7 |      34 |       1 |   2.9
     Lair:4 |    7334 |     218 |   2.9 |      27 |       1 |   3.6
     Lair:5 |    9195 |   11021 |  54.5 |      23 |      39 |  62.9
   Shoals:1 |   14674 |    5276 |  26.4 |      34 |       8 |  19.0
   Shoals:2 |   11380 |    7884 |  40.9 |      23 |      11 |  32.4
   Shoals:3 |   14701 |     209 |   1.4 |      28 |       1 |   3.4
   Shoals:4 |   11008 |   19157 |  63.5 |      18 |      31 |  63.3
   Spider:1 |   19869 |       0 |   0.0 |      47 |       0 |   0.0
   Spider:2 |    8341 |    1195 |  12.5 |      25 |       1 |   3.8
   Spider:3 |    8980 |       0 |   0.0 |      35 |       0 |   0.0
   Spider:4 |   14336 |   23464 |  62.1 |      32 |      51 |  61.4
      Orc:1 |    3785 |     616 |  14.0 |      36 |       1 |   2.7
      Orc:2 |    3037 |    7616 |  71.5 |      35 |      28 |  44.4
      Elf:1 |    3714 |    6948 |  65.2 |       7 |      12 |  63.2
      Elf:2 |   10207 |    3099 |  23.3 |      16 |       8 |  33.3
            +---------+---------+-------+---------+---------+-------

Illustrated notes

Table legend:
 A = Kills in this place as a percentage of kills in entire the game.
 B = Kills by you in this place as a percentage of kills by you in the entire game.
 C = Kills by friends in this place as a percentage of kills by friends in the entire game.
 D = Other kills in this place as a percentage of other kills in the entire game.
 E = Experience gained in this place as a percentage of experience gained in the entire game.
 F = Experience gained in this place divided by the number of levels of this place that you have seen.
                   A       B       C       D       E      F
               +-------+-------+-------+-------+-------+----------------------
         Total | 100.0 | 100.0 |   N/A |   N/A | 100.0 | 9750.2
       Dungeon |  37.2 |  37.2 |   N/A |   N/A |  22.5 | 4687.9
          Lair |  15.0 |  15.0 |   N/A |   N/A |  13.5 | 8438.6
        Shoals |  15.1 |  15.1 |   N/A |   N/A |  27.0 | 21072.2
   Spider Nest |  18.7 |  18.7 |   N/A |   N/A |  24.4 | 19046.2
  Orcish Mines |   9.8 |   9.8 |   N/A |   N/A |   4.8 | 7527.0
   Elven Halls |   4.2 |   4.2 |   N/A |   N/A |   7.7 | 11984.0
               +-------+-------+-------+-------+-------+----------------------

Table legend: (Time is in decaauts)
 A = Elapsed time spent in this place.
 B = Non-inter-level travel time spent in this place.
 C = Inter-level travel time spent in this place.
 D = Time resting spent in this place.
 E = Time spent auto-exploring this place.
 F = Levels seen in this place.
 G = Mean time per level.
                   A        B        C        D        E       F      G
               +--------+--------+--------+--------+--------+-----+--------+
         Total |  30856 |  27684 |   3172 |    637 |  20271 |  32 |  964.2 |
       Dungeon |  15927 |  14210 |   1717 |    170 |  10604 |  15 | 1061.8 |
          Lair |   4607 |   4213 |    394 |      0 |   3283 |   5 |  921.4 |
        Shoals |   3736 |   3400 |    336 |    369 |   2079 |   4 |  934.0 |
   Spider Nest |   3521 |   3225 |    296 |      0 |   2404 |   4 |  880.2 |
  Orcish Mines |   1870 |   1579 |    291 |     98 |    992 |   2 |  935.0 |
   Elven Halls |   1193 |   1056 |    137 |      0 |    907 |   2 |  596.5 |
               +--------+--------+--------+--------+--------+-----+--------+

Top non-repeatable levels by time:
    D:13: 1491 daAuts
Shoals:1: 1259 daAuts
   Orc:2: 1242 daAuts
     D:1: 1231 daAuts
    D:15: 1213 daAuts
     D:5: 1203 daAuts
  Lair:5: 1180 daAuts
Spider:4: 1169 daAuts
    D:14: 1146 daAuts
     D:7: 1114 daAuts
     D:6: 1100 daAuts
    D:11: 1052 daAuts
   Elf:1: 1020 daAuts
Spider:2: 983 daAuts
  Lair:4: 974 daAuts
